[Event "MARCEL 1st Div Ch-League 2019"]
[Site "Dhaka"]
[Date "2019.11.16"]
[Round "5.1"]
[White "Mukitul, Islam Ripon"]
[Black "Suvradeepta, Das"]
[Result "0-1"]
[ECO "B15"]
[WhiteElo "1880"]
[BlackElo "1997"]
[Annotator "NA RC"]
[PlyCount "62"]
[EventDate "2019.11.12"]
[EventCountry "BAN"]
[SourceTitle "playchess.com"]
[Source "ChessBase"]
[SourceQuality "1"]
[TimeControl "5400+30"]

1. e4 g6 2. d4 Bg7 3. Nc3 c6 4. Be3 d5 5. e5 f6 6. f4 {[%emt 0:02:29] B15: Caro-Kann: 3 Nc3: 3...g6 and 3...dxe4 4 Nxe4 Nf6 5 Nxf6+ exf6} Nh6 7. Be2 (7. Qd2 O-O 8. O-O-O fxe5 9. fxe5 Ng4 10. Nf3 Nxe3 11. Qxe3 Bg4 12. Be2 e6 13. Kb1 Nd7 {1-0 (61) Dominguez Perez,L (2757)-Anton Guijarro,D (2574) Linares 2013}) 7... O-O 8. Qd2 Ng4 9. Bxg4 Bxg4 10. h3 Bd7 $146 ({Predecessor:} 10... Be6 11. O-O-O b5 12. g4 Nd7 13. Nf3 Nb6 14. b3 {1-0 (65) Mirzoev,A (2553)-Tologontegin,S (2382) Teheran 2014}) 11. Nf3 Qc7 12. h4 (12. g4 $16) 12... Bg4 13. Nh2 Qd7 14. Ne2 fxe5 15. fxe5 {[%emt 0:00:30] [#]} (15. dxe5 $16 Be6 16. Nf3) 15... c5 $1 16. Nxg4 (16. c3 $11) 16... Qxg4 17. O-O-O Nc6 ({Reject} 17... Qxg2 $6 18. Rdg1 $11) 18. dxc5 e6 19. h5 Nxe5 20. b3 gxh5 21. Nf4 $2 {[%emt 0:00:30] [#]} (21. Kb1 $17) 21... h4 $2 (21... d4 $1 $19 {[%cal Rd4e3][%mdl 512] has better winning chances.} 22. Nxh5 (22. Qxd4 $2 Ng6 $19 {[%mdl 64] Discovered Attack}) 22... dxe3 23. Qxe3 Bh8) 22. Rdf1 Rf5 23. Nxd5 $2 (23. Re1 $17) 23... exd5 24. Qxd5+ Kh8 25. Qxb7 $2 (25. Rxf5 Qxf5 26. Kb1) 25... Raf8 26. Rd1 $2 (26. Rxf5 Qxf5 27. Qd5) 26... R5f7 27. Qa6 Qe4 28. Bh6 $2 {[%emt 0:00:30] [#]} (28. Bd4 Rd7 29. c3) 28... Rf2 $1 29. Bxg7+ Kxg7 30. Rd2 Rxd2 31. Qb7+ Qxb7 0-1

[Event "MARCEL 1st Div Ch-League 2019"]
[Site "Dhaka"]
[Date "2019.11.16"]
[Round "5.2"]
[White "Sarbojit Paul"]
[Black "Khan, Md. Monir Hossain"]
[Result "1-0"]
[ECO "C79"]
[WhiteElo "2074"]
[BlackElo "1993"]
[Annotator "NA RC"]
[PlyCount "109"]
[EventDate "2019.11.12"]
[EventCountry "BAN"]
[SourceTitle "playchess.com"]
[Source "ChessBase"]
[SourceQuality "1"]
[TimeControl "5400+30"]

1. e4 e5 2. Nf3 Nc6 3. Bb5 a6 4. Ba4 Nf6 5. O-O d6 6. Re1 b5 7. Bb3 Na5 8. d4 {[%emt 0:01:27] C79: Ruy Lopez: Steinitz-type lines with 3...a6 4 Ba4 Nf6 5 0-0 d6} Bg4 (8... Nd7 9. dxe5 Nxb3 10. Bg5 f6 11. exf6 gxf6 12. e5 dxe5 13. Nxe5 Nxe5 14. Rxe5+ Be7 15. Qh5+ Kd7 16. Bxf6 Nxa1 17. Bxe7 Qxe7 18. Rxe7+ Kxe7 19. Qc5+ Kf7 20. Qxc7+ {1-0 (20) Edouard,R (2620)-Tkachiev,V (2639) Belfort 2010}) 9. dxe5 Bxf3 10. Qxf3 dxe5 11. Qc3 Nxb3 12. Qxe5+ Be7 $146 ({Predecessor:} 12... Qe7 13. Qxe7+ Bxe7 14. axb3 O-O 15. Bg5 Rfd8 {1-0 (40) Capablanca,J-Augustus,E Cleveland 1926}) 13. axb3 O-O 14. Nc3 Bb4 15. Bg5 Re8 16. Qf5 Qd7 17. Bxf6 Qxf5 18. exf5 Rxe1+ 19. Rxe1 gxf6 20. Kf1 Bxc3 21. bxc3 a5 22. Ra1 a4 23. Ke2 Kg7 24. bxa4 bxa4 25. c4 Kf8 26. Kd3 Ke7 27. Kc3 Kd6 28. Rd1+ Kc6 29. Kb2 a3+ 30. Ka2 Ra4 31. Kb3 Ra5 32. Rd5 Ra8 33. Ka2 Ra4 34. Rd4 Ra5 35. Rf4 Kc5 36. Rh4 Kb4 $1 37. c5+ Kxc5 $2 (37... Kc3 $1 $11 {and Black stays safe.}) 38. Rxh7 Kd6 39. g4 (39. Rxf7 $18 Rxf5 40. f3 (40. Kxa3 Rxf2 41. Kb3 Rxg2 $16)) 39... Ke7 $2 {[%emt 0:01:02] [#]} (39... Ra4 $16) 40. Rh3 $1 Rc5 41. c3 ({Don't play} 41. Kxa3 $6 Rxc2 42. Rf3 Rd2 $16) 41... Ra5 42. Rd3 Ra4 43. Rd4 Ra7 44. f3 Ra8 45. h4 Ra5 46. Rc4 c5 47. Re4+ Kf8 48. Re2 Ra8 49. Rd2 Ra4 50. Kb3 Ra7 $2 (50... Rf4 51. Rf2 (51. Kxa3 Rxf3 52. Kb3 Rf4 $16) 51... a2 {[%mdl 64] Decoy} 52. Kxa2 Ra4+ 53. Kb3 Rf4) 51. Ra2 Re7 52. Rxa3 Re3 53. Ra5 c4+ 54. Kxc4 Rxf3 $18 55. Rd5 1-0

[Event "MARCEL 1st Div Ch-League 2019"]
[Site "Dhaka"]
[Date "2019.11.16"]
[Round "5.3"]
[White "Hossain, Monir"]
[Black "Anisuzzaman, Jewel"]
[Result "1/2-1/2"]
[ECO "E10"]
[WhiteElo "2058"]
[BlackElo "1852"]
[Annotator "NA RC"]
[PlyCount "56"]
[EventDate "2019.11.12"]
[EventCountry "BAN"]
[SourceTitle "playchess.com"]
[Source "ChessBase"]
[SourceQuality "1"]
[TimeControl "5400+30"]

1. d4 Nf6 2. Nf3 e6 3. c4 c5 4. e3 Be7 5. Be2 O-O 6. O-O {[%emt 0:00:29] E10: Blumenfeld Gambit} d6 7. Nc3 Na6 8. a3 Bd7 9. Rb1 Re8 $146 ({Predecessor:} 9... Bc6 10. d5 Be8 11. e4 e5 12. b4 b6 13. Ne1 Kh8 14. g3 {1-0 (44) Gentes,K (2387)-Sekhar,G (1965) Winnipeg 1998}) 10. b4 Nc7 (10... cxd4 $14 11. exd4 Nc7) 11. bxc5 dxc5 12. Rxb7 Bc6 13. Rb1 Rb8 14. Rxb8 Qxb8 15. Ne5 Ba8 16. Bf3 Bd6 17. Bxa8 Nxa8 18. f4 Nb6 19. Nb5 Rc8 20. Qd3 Bf8 21. f5 (21. Bd2 $1 $14) 21... a6 (21... cxd4 $15 22. exd4 Nxc4 {[%mdl 64] Discovered Attack} 23. fxe6 fxe6 24. Nxc4 Qxb5) 22. Nc3 Bd6 (22... cxd4 $11 23. exd4 Nxc4 24. fxe6 (24. Nxc4 Qb3 $15) 24... fxe6) 23. fxe6 fxe6 24. Nf3 cxd4 25. exd4 Nxc4 26. Ne4 Nd7 $2 {[%emt 0:00:00] [#]} (26... Qb7 $11 {and Black stays safe.} 27. Nxd6 Nxd6) 27. Neg5 $2 (27. Nxd6 Nxd6 28. Ng5 (28. Qxa6 Qb6 $16) 28... Nf8 $16) (27. Nfg5 $1 $18 Bxh2+ 28. Kh1) 27... Nf8 28. Qe4 Qa8 $11 1/2-1/2

[Event "MARCEL 1st Div Ch-League 2019"]
[Site "Dhaka"]
[Date "2019.11.16"]
[Round "5.4"]
[White "Sacchu, Afzal Hossain"]
[Black "Tutul, Dhar"]
[Result "0-1"]
[ECO "D55"]
[WhiteElo "1996"]
[BlackElo "1844"]
[Annotator "NA RC"]
[PlyCount "130"]
[EventDate "2019.11.12"]
[EventCountry "BAN"]
[SourceTitle "playchess.com"]
[Source "ChessBase"]
[SourceQuality "1"]
[TimeControl "5400+30"]

1. d4 Nf6 2. Nf3 e6 3. c4 b6 4. Nc3 Bb7 5. Bg5 Be7 6. e3 d5 7. Be2 O-O 8. O-O Nbd7 9. Rc1 c5 10. dxc5 {[%emt 0:00:00] D55: Queen's Gambit Declined: 4 Bg5 Be7: Lines without ...h6 and 6...h6 7 Bxf6} Nxc5 (10... bxc5 11. Qb3 Bc6 12. Rfd1 Rb8 13. Qc2 Nb6 14. b3 Qc7 15. Bd3 h6 16. Bf4 Bd6 17. Bxd6 Qxd6 {1-0 (46) Schneider,I (2517)-Narva,M (2211) Katowice 2017}) 11. a3 Rc8 12. b4 Nce4 13. Nxe4 Nxe4 14. Bxe7 Qxe7 15. Qb3 $146 ({Predecessor:} 15. Qa4 Bc6 16. b5 Nc5 17. Qb4 {½-½ (88) Borchgrevink,H-Wahlstrom,S Gausdal 1998}) 15... Rfd8 16. Rfd1 dxc4 17. Bxc4 Qf6 18. Rxd8+ Rxd8 19. Rd1 (19. Bd3 $11) 19... Rc8 20. Rf1 h5 21. h4 (21. Qd3 $142) 21... Nd6 (21... g5 $17 22. hxg5 Nxg5 23. Nxg5 Qxg5) 22. Be2 Bxf3 (22... Bd5 $5 23. Qd1 g6 $15) 23. Bxf3 Qxh4 24. Qa4 Rc7 25. Rd1 {[%emt 0:00:00] [#]} (25. g3 $15 Qg5 26. Qd1) 25... Ne4 $1 26. g3 {[%emt 0:00:00] [#]} Nxg3 $1 27. Qe8+ Kh7 28. Qb8 {[%emt 0:00:00] [#]} Ne4 $1 29. Bxe4+ Qxe4 30. Qxc7 Qg4+ {[%emt 0:00:13] Double Attack} 31. Kh2 Qxd1 32. Qxf7 Qd6+ 33. Kg1 Qd1+ 34. Kh2 Qe2 35. b5 Qxb5 36. Qxe6 Qc5 37. f4 Qc2+ 38. Kh3 Qg6 39. Qd7 a5 ({Black should play} 39... Kh6 $17 40. Kh4 {[#]} b5 $1 ) 40. a4 Qe4 41. Kh4 Qh1+ ({Better is} 41... Qxe3 $17 42. Qf7 Qe4) 42. Kg5 Qg2+ 43. Kxh5 Qh2+ 44. Kg4 Qg2+ 45. Kh4 Qf2+ 46. Kg4 Qg2+ 47. Kh4 Qf2+ 48. Kg4 Qxe3 49. Qf5+ Kg8 50. Qc8+ Kf7 51. Qc7+ Kf6 52. Qd8+ Kg6 53. Qg5+ Kf7 54. Qf5+ Ke7 55. Qg5+ Kd6 56. Kh5 $2 {[%emt 0:01:29] [#]} (56. Qb5 $15) 56... Qe8+ $1 57. Qg6+ {[%emt 0:00:01] [#]} Ke7 $11 (57... Qxg6+ $1 {mates} 58. Kxg6 b5 {[%mdl 64] Promotion} 59. axb5 a4 60. b6 a3 61. f5 a2 62. Kh5 a1=Q 63. Kg6 Qg1+ 64. Kf7 Qxb6 65. f6 Qc7+ 66. Kg8 gxf6 67. Kh8 f5 68. Kg8 Ke6 69. Kh8 Kf7 70. Kh7 Qh2#) 58. f5 {[%emt 0:13:24] [#]} Qf7 $2 ({Not} 58... Qxa4 59. Qxg7+ Ke8 60. Qe5+ Kf8 61. Qf6+ Kg8 62. Qg6+ (62. Qxb6 Qe8+ 63. Kg5 Qe7+ 64. f6 Qe5+ 65. Kg6 Qe4+ 66. Kg5 Qe5+ 67. Kg6 Qe4+ 68. Kg5 Qe5+ $11) 62... Kf8 63. Qh6+ Kf7 64. Qe6+ (64. Qxb6 Qd1+ 65. Kh4 Qe1+ 66. Kh5 Qe2+ 67. Kg5 Qe7+ 68. Kf4 Qb4+ 69. Qxb4 axb4 $11) 64... Kf8 65. Qxb6 $11 Qe8+ 66. Kh6 a4 $11) ({Better is} 58... b5 $1 $19 59. Qxe8+ Kxe8) 59. Kg5 $2 {[%emt 0:00:00] [#]} (59. Qxf7+ $11 Kxf7 60. Kg5) 59... Qf6+ $1 60. Kh5 Kf8 61. Qh7 Kf7 62. Kg4 Qh6 63. Qxh6 gxh6 64. Kh5 Kf6 65. Kxh6 Kxf5 {[%emt 0:02:11] Kg5+} 0-1

[Event "MARCEL 1st Div Ch-League 2019"]
[Site "Dhaka"]
[Date "2019.11.16"]
[Round "5.6"]
[White "Md Sirajul, Islam"]
[Black "Bhuiyan, Golam Mostafa"]
[Result "0-1"]
[ECO "B07"]
[WhiteElo "1768"]
[BlackElo "2060"]
[Annotator "NA RC"]
[PlyCount "87"]
[EventDate "2019.11.12"]
[EventCountry "BAN"]
[SourceTitle "playchess.com"]
[Source "ChessBase"]
[SourceQuality "1"]
[TimeControl "5400+30"]

1. e4 d6 2. Nf3 g6 3. c3 (3. d4 Nf6 4. Nc3 Bg7 5. Be2 O-O 6. O-O a6 7. h3 b5 8. e5 Nfd7 9. exd6 cxd6 10. Re1 Bb7 11. Bf1 Nf6 12. Bg5 Nbd7 13. a3 h6 14. Bf4 Nb6 15. Nh2 {0-1 (35) Wang,H (2730)-Andreikin,D (2719) St Petersburg 2018}) 3... Nf6 4. d3 Bg7 5. Be2 O-O 6. O-O {[%emt 0:00:08] B07: Pirc Defence: Miscellaneous Systems} e5 7. Bg5 h6 8. Be3 c5 $146 ({Predecessor:} 8... Nc6 9. h3 Qe7 10. Qc2 Nd8 11. Nh2 Ne6 12. Ng4 Nxg4 13. Bxg4 {0-1 (26) Mandic,V (2116)-Djosic,S (2262) Belgrade 2011}) 9. c4 Nc6 10. Nc3 Nd4 11. Qd2 Kh7 12. Nd5 Nxd5 13. cxd5 f5 14. Ne1 Nxe2+ 15. Qxe2 f4 16. Bd2 g5 17. f3 a5 18. g4 (18. a4 $1 $15) 18... fxg3 $2 (18... b5 $17 19. a4 b4) 19. hxg3 b5 20. Kg2 a4 (20... g4 $11) 21. Rh1 Kg8 22. Nc2 b4 23. Raf1 Ra7 24. Ne1 (24. Ne3 $14) 24... Rf6 25. Qe3 (25. Nc2 $11) 25... Raf7 (25... b3 $15 26. a3 Qf8) 26. Qg1 (26. Nc2 $1 $11) 26... Qd7 27. Rh2 Qb5 28. Qe3 Ba6 29. Rf2 Rg6 30. Rh1 Bf6 31. Qe2 Bd8 (31... b3 $5 32. a3 Bg7 $17) 32. Be3 Ba5 33. b3 Bd8 34. Kh2 Bc8 35. f4 $2 (35. Ng2 $15) 35... gxf4 36. gxf4 Bg4 ({Avoid the trap} 36... Qd7 $2 37. f5 $18) ({Less strong is} 36... exf4 37. Bxf4 axb3 38. axb3 $17) 37. Qd2 {[%emt 0:00:00] [#]} exf4 $1 38. Rxf4 Bf6 39. Rf2 $2 (39. bxa4 Qxa4 40. Rg1) 39... Qe8 40. Rhf1 Qe5+ 41. Bf4 Qh5+ 42. Kg1 Bc3 43. Qc1 Bxe1 44. Be3 0-1

[Event "MARCEL 1st Div Ch-League 2019"]
[Site "Dhaka"]
[Date "2019.11.16"]
[Round "5.7"]
[White "Islam, Mohammad Aminul"]
[Black "Md. Moniruzzaman, Masud"]
[Result "1-0"]
[ECO "A09"]
[WhiteElo "2078"]
[BlackElo "1828"]
[Annotator "NA RC"]
[PlyCount "36"]
[EventDate "2019.11.12"]
[EventCountry "BAN"]
[SourceTitle "playchess.com"]
[Source "ChessBase"]
[SourceQuality "1"]
[TimeControl "5400+30"]

1. c4 Nf6 2. Nf3 d5 3. cxd5 Nxd5 4. e4 Nb4 5. d4 e5 {[%emt 0:01:35] [#]} (5... Nd7 $16 {might work better.} 6. a3 Nc6) 6. a3 $1 ({Weaker is} 6. Nxe5 Qxd4 {[%mdl 64] Decoy} 7. Qxd4 (7. Bb5+ c6 $11) 7... Nc2+ {[%mdl 64] Double Attack} 8. Kd1 Nxd4 $11) (6. dxe5 Qxd1+ 7. Kxd1 Be6 $11) 6... N4c6 {[%emt 0:02:39] [#]} 7. d5 $1 ({Worse is} 7. Nxe5 Qxd4 8. Nf3 Qxd1+ 9. Kxd1 Bc5 $11) ({Weaker is} 7. dxe5 Qxd1+ 8. Kxd1 Bc5 $11) 7... Ne7 8. Nxe5 Ng6 9. Nc4 c6 10. Nc3 Bc5 11. Be3 Bxe3 12. Nxe3 O-O 13. Be2 Nf4 14. O-O Qg5 15. g3 Nxe2+ (15... cxd5 $16 16. Ncxd5 (16. exd5 Nh3+ 17. Kg2 Nf4+ 18. Kh1 Nxe2 $16) (16. Nexd5 Nxe2+ 17. Qxe2 Bh3 $18) 16... Nxd5) 16. Qxe2 Bh3 17. f4 $2 (17. Rfd1 $18) 17... Bxf1 18. Rxf1 ({Don't play} 18. fxg5 Bxe2 19. Nxe2 Nd7 $17) 18... Qe7 $16 ({Black should try} 18... Qd8 $14) 1-0

[Event "MARCEL 1st Div Ch-League 2019"]
[Site "Dhaka"]
[Date "2019.11.16"]
[Round "5.8"]
[White "Shivshankar Iyer S"]
[Black "Avik, Sarker"]
[Result "0-1"]
[ECO "E06"]
[WhiteElo "1573"]
[BlackElo "1980"]
[Annotator "NA RC"]
[PlyCount "92"]
[EventDate "2019.11.12"]
[EventCountry "BAN"]
[SourceTitle "playchess.com"]
[Source "ChessBase"]
[SourceQuality "1"]
[TimeControl "5400+30"]

1. d4 d5 2. c4 e6 3. Nc3 Nf6 4. g3 Be7 5. Bg2 O-O 6. Nf3 dxc4 7. Ne5 c5 8. e3 {[%emt 0:00:17] E06: Closed Catalan: Early deviations} (8. dxc5 Qxd1+ 9. Nxd1 Bxc5 10. O-O Nd5 11. Ne3 Nc6 12. N3xc4 Nxe5 13. Nxe5 Bd4 14. Nd3 {½-½ (14) Nakamura,H (2761)-Radjabov,T (2759) Moscow 2019}) 8... cxd4 9. exd4 Nd5 10. Nxc4 $146 ({Predecessor:} 10. O-O a6 11. Nxc4 Nb6 12. Ne5 N8d7 13. Be3 Nxe5 14. dxe5 Nc4 15. Bd4 Nxb2 16. Qh5 Ba3 17. Ne4 Be7 18. Bxb2 {1-0 (18) Cucchiani,C (1974)-Duttweiler,R (1724) Zuerich 2002}) 10... Nc6 11. O-O Bf6 12. Be3 a6 13. a4 Nde7 14. d5 exd5 15. Nb6 ({But not} 15. Bxd5 Bxc3 16. Bxc6 Bxb2 $15) 15... d4 16. Nxa8 Bf5 17. g4 (17. Nc7 $14 Qxc7 18. Bf4) 17... Be6 18. g5 Be5 19. f4 Bb8 (19... Nf5 $15 20. Bc1 Bb8) 20. Bxc6 $2 (20. Bf2 $1 $11) 20... Nxc6 21. f5 $2 (21. Bf2 $17 {keeps fighting.}) 21... Bc4 22. Qh5 $2 (22. Rf3 Ne5 23. Rh3) 22... Bxf1 23. Rxf1 dxe3 24. Rd1 {[%emt 0:04:44] [#]} e2 $1 25. Qxe2 Ba7+ {[%emt 0:00:47] Discovered Attack} 26. Kh1 Qxa8 27. Nd5 {[%emt 0:02:11] [#]} b5 $1 28. Qg2 Kh8 29. axb5 axb5 30. Rc1 Nd4 31. f6 gxf6 32. gxf6 (32. Nxf6 $142 Nf3 33. Rf1 Nxg5 34. Qxa8 Rxa8 35. Ra1) 32... Rg8 33. Qe4 {[%emt 0:00:20] [#]} Ne2 $1 34. Re1 {[%emt 0:01:47] [#]} Nf4 $1 {[%emt 0:00:49] Back Rank} 35. Nc3 {[%emt 0:00:05] [#]} Qxe4+ (35... Nd3 $142 $1 36. Rf1 {[#]} Rg1+ $1 {[%mdl 576] Deflection} 37. Rxg1 Nf2+ {[%mdl 64] Double Attack, Pin} 38. Kg2 Nxe4 {[%mdl 64] Discovered Attack} 39. Re1 Nxf6+ {[%mdl 64] Discovered Attack} 40. Ne4 Nxe4 41. Kf3 Nd2+ $1 {[%mdl 576] Discovered Attack (Double check)} 42. Ke2 Nc4 43. h3 Qe4+ 44. Kd1 Qd4+ 45. Ke2 Qe3+ {[%mdl 64] Double Attack} 46. Kf1 Qf3#) 36. Nxe4 {[%emt 0:00:05] [#]} Nd3 $1 37. Ra1 Nf2+ 38. Nxf2 Bxf2 39. h3 Bd4 {[%emt 0:00:19] Double Attack} 40. Ra5 Rb8 41. b3 Bxf6 42. Kg2 Bc3 43. Ra7 Kg7 44. Kf3 Re8 45. Rb7 b4 46. Rd7 Re1 $19 0-1

[Event "MARCEL 1st Div Ch-League 2019"]
[Site "Dhaka"]
[Date "2019.11.16"]
[Round "5.11"]
[White "Mohammad Salman, Munshi"]
[Black "Nayem, Haque"]
[Result "1/2-1/2"]
[ECO "D03"]
[WhiteElo "1593"]
[BlackElo "1875"]
[Annotator "NA RC"]
[PlyCount "104"]
[EventDate "2019.11.12"]
[EventCountry "BAN"]
[SourceTitle "playchess.com"]
[Source "ChessBase"]
[SourceQuality "1"]
[TimeControl "5400+30"]

1. d4 d5 2. Bg5 Nf6 3. e3 e6 4. Bd3 Be7 5. Nf3 Nbd7 6. O-O {[%emt 0:00:30] D03: 1 d4 d5 2 Nf3 Nf6 3 Bg5, including Torre Attack with early ...d5} (6. Nbd2 c5 7. c3 b6 8. O-O Bb7 9. a4 a6 10. Qb1 Rc8 11. b4 cxb4 12. cxb4 Rc3 13. b5 a5 14. Rc1 Rxc1+ 15. Qxc1 Qb8 16. Ne5 Nxe5 17. dxe5 {1-0 (27) Romanov,E (2577)-Shimanov,A (2615) Yaroslavl 2019}) 6... O-O 7. c4 h6 8. Bf4 c5 9. cxd5 $146 ({Predecessor:} 9. Nc3 cxd4 10. exd4 dxc4 11. Bxc4 Nb6 12. Bb3 Nbd5 13. Nxd5 Nxd5 14. Bxd5 Qxd5 15. Re1 Bd6 16. Bxd6 Qxd6 17. Qe2 Rd8 {½-½ (17) Pecka,J (1383)-Mareska,D (1697) Klatovy 2018}) 9... exd5 10. b3 ({White should try} 10. Nc3 $14) 10... b6 11. Nc3 Bb7 12. Rc1 a6 13. Ne2 ({White should play} 13. Nh4 $14) 13... Ne4 14. Ne5 Nxe5 15. Bxe5 cxd4 16. Nxd4 Qd7 $2 (16... Bc5 $16 {lives longer.}) 17. Rc7 Qe8 18. Rxb7 Bd8 {[%emt 0:00:30] [#]} 19. Bxg7 $1 Kxg7 20. Nf5+ Kh8 21. Nxh6 Qe6 22. Qh5 Kg7 23. Nf5+ Kg8 24. Bxe4 dxe4 25. Rd1 Qg6 26. Qh3 (26. Qxg6+ $142 fxg6 27. Nh6+ Kh8 28. Rdd7 Rf7 29. Rxf7 Bc7 30. Rfxc7 g5 31. Rh7#) 26... Bf6 27. Rxb6 Rad8 28. Rf1 Rfe8 29. Qg3 Qxg3 30. hxg3 ({Don't take} 30. Nxg3 Be5 $18) 30... Re6 31. Rxe6 fxe6 32. Nd4 Bxd4 33. exd4 Rxd4 34. Re1 Kf7 35. Re2 Kf6 36. Kh2 Kf5 $1 $11 37. Kh3 (37. f3 $18) 37... Rd8 38. Kh2 (38. g4+ $16 Kf4 39. Kh2) 38... Rd3 $2 39. Rc2 Rd1 40. Rb2 Ke5 (40... a5 $16 41. Rc2 e5) 41. b4 Kd4 (41... Ra1 {was worth a try.} 42. b5 axb5 43. Rxb5+ Kd4) 42. b5 axb5 43. Rxb5 Rd2 44. Kg1 Rxa2 45. Rb1 Rd2 46. g4 (46. Rb4+ $16 Ke5 47. f3) 46... Ke5 47. g3 Rd5 ({Better is} 47... Kf6 $14) 48. Rb8 (48. Re1 $16) 48... Rd2 49. Kf1 Ra2 (49... e3 $1 $11) 50. Rf8 Ra7 51. Rg8 Ra1+ 52. Kg2 Ra2 $11 1/2-1/2

[Event "MARCEL 1st Div Ch-League 2019"]
[Site "Dhaka"]
[Date "2019.11.16"]
[Round "5.12"]
[White "Islam, Sheik Md. Khairul"]
[Black "Md. Nasim Hossain, Bhuiyan"]
[Result "1-0"]
[ECO "C55"]
[WhiteElo "1966"]
[BlackElo "1801"]
[Annotator "NA RC"]
[PlyCount "30"]
[EventDate "2019.11.12"]
[EventCountry "BAN"]
[SourceTitle "playchess.com"]
[Source "ChessBase"]
[SourceQuality "1"]
[TimeControl "5400+30"]

1. e4 e5 2. Nf3 Nc6 3. Bc4 Nf6 4. d3 Be7 5. O-O O-O 6. c3 d5 7. exd5 Nxd5 8. Re1 Nb6 9. Bb3 Bg4 10. Qe2 Bf6 11. Nbd2 g6 (11... a5 $14) 12. h3 Bf5 13. Ne4 Bg7 14. Bg5 Qc8 15. Qe3 (15. Nf6+ $16 Kh8 16. Nxe5) 15... Nd7 $16 (15... a5 $11 {remains equal.}) 1-0

[Event "MARCEL 1st Div Ch-League 2019"]
[Site "Dhaka"]
[Date "2019.11.17"]
[Round "6.2"]
[White "S.A.M., Nasir"]
[Black "Sarbojit, Paul"]
[Result "0-1"]
[ECO "D02"]
[WhiteElo "2002"]
[BlackElo "2074"]
[Annotator "NA RC"]
[PlyCount "46"]
[EventDate "2019.11.12"]
[EventCountry "BAN"]
[SourceTitle "playchess.com"]
[Source "ChessBase"]
[SourceQuality "1"]
[TimeControl "5400+30"]

1. Nf3 d5 2. g3 c6 3. Bg2 Bg4 4. h3 Bh5 5. O-O Nd7 6. d4 Ngf6 7. Nbd2 e6 8. b3 Be7 9. Bb2 a5 10. a4 O-O 11. Ne5 $11 Nxe5 12. dxe5 Nd7 13. g4 Bg6 14. e4 f6 15. f4 fxe5 16. fxe5 Qb6+ 17. Kh1 Rxf1+ 18. Nxf1 Rf8 19. exd5 cxd5 20. c4 Nc5 21. cxd5 Nd3 22. Qe2 Rf2 23. Qxf2 Qxf2 0-1

[Event "MARCEL 1st Div Ch-League 2019"]
[Site "Dhaka"]
[Date "2019.11.17"]
[Round "6.3"]
[White "Anisuzzaman, Jewel"]
[Black "Apollosana Mangang, Rajkumar"]
[Result "1/2-1/2"]
[ECO "A24"]
[WhiteElo "1852"]
[BlackElo "2078"]
[Annotator "NA RC"]
[PlyCount "55"]
[EventDate "2019.11.12"]
[EventCountry "BAN"]
[TimeControl "5400+30"]

1. c4 Nf6 2. Nc3 g6 3. g3 Bg7 4. Bg2 O-O 5. d3 d6 6. Nf3 e5 7. O-O c6 8. Rb1 Re8 9. b4 Nbd7 10. Qb3 Nf8 11. Rd1 h6 12. Bb2 Ne6 13. e3 Ng5 14. Nxg5 hxg5 15. Ne4 Nh7 16. b5 c5 17. d4 exd4 18. exd4 Bf5 19. Re1 cxd4 20. Rbd1 Qb6 21. Qd3 Re6 22. h3 g4 23. hxg4 Bxg4 24. f3 Bf5 25. Bxd4 Bxd4+ 26. Qxd4 Qxd4+ 27. Rxd4 Rae8 28. Red1 1/2-1/2

[Event "MARCEL 1st Div Ch-League 2019"]
[Site "Dhaka"]
[Date "2019.11.17"]
[Round "6.4"]
[White "Hasan Md, Emam"]
[Black "Sacchu, Afzal Hossain"]
[Result "1-0"]
[ECO "B90"]
[WhiteElo "2046"]
[BlackElo "1996"]
[Annotator "NA RC"]
[PlyCount "107"]
[EventDate "2019.11.12"]
[EventCountry "BAN"]
[SourceTitle "playchess.com"]
[Source "ChessBase"]
[SourceQuality "1"]
[TimeControl "5400+30"]

1. e4 c5 2. Nf3 d6 3. d4 cxd4 4. Nxd4 Nf6 5. Nc3 a6 6. h3 h5 {[%emt 0:03:03] B90: Sicilian Najdorf: Unusual White 6th moves, 6 Be3 Ng4 and 6 Be3 e5} (6... e5 7. Nde2 h5 8. g3 Nbd7 9. Bg2 b5 10. O-O Bb7 11. a4 b4 12. Nd5 Nxd5 13. exd5 Be7 14. a5 Rb8 15. Bd2 {1-0 (36) Wei,Y (2721)-Vachier Lagrave,M (2774) chess.com INT 2019}) 7. Be3 e5 8. Nb3 Be6 9. Qd2 Be7 10. g3 Nbd7 11. Bg2 $146 ({Predecessor:} 11. f4 b5 12. Bg2 Rc8 13. O-O Qc7 14. f5 Bc4 15. Rf2 {0-1 (58) Roebers,E (2111)-Kirchei,V (1955) Bratislava 2019}) 11... Qc7 12. O-O Rc8 13. Rac1 Nb6 14. Bxb6 Qxb6 15. Nd5 Nxd5 16. exd5 Bd7 17. c4 O-O 18. Rfd1 f5 19. c5 Qd8 20. c6 bxc6 $16 21. dxc6 Be8 22. Bf1 Kh8 23. Na5 Bg5 24. f4 exf4 25. gxf4 Be7 26. Bg2 Bf7 27. b4 Qc7 28. Kh1 d5 29. a3 Rfe8 30. Qd3 g6 31. Bxd5 Bxd5+ 32. Qxd5 Qxf4 33. Qd4+ Qxd4 34. Rxd4 Bg5 35. Rc2 f4 36. Kg2 Bd8 37. Nb7 Bc7 38. Nd6 Bxd6 39. Rxd6 Kg7 40. a4 Re5 41. c7 Re7 42. Rdc6 Re5 43. Rxa6 g5 44. b5 g4 45. hxg4 hxg4 46. b6 Rce8 47. c8=Q Rxc8 48. Rxc8 Re2+ 49. Kf1 Rb2 50. Ra7+ Kg6 51. b7 Rb1+ 52. Ke2 Rb2+ 53. Kd3 Rb3+ 54. Ke4 1-0

[Event "MARCEL 1st Div Ch-League 2019"]
[Site "Dhaka"]
[Date "2019.11.17"]
[Round "6.5"]
[White "Mohammad, Shameem"]
[Black "Imam, Farhadur"]
[Result "1/2-1/2"]
[ECO "D02"]
[WhiteElo "2015"]
[BlackElo "2033"]
[Annotator "NA RC"]
[PlyCount "123"]
[EventDate "2019.11.12"]
[EventCountry "BAN"]
[SourceTitle "playchess.com"]
[Source "ChessBase"]
[SourceQuality "1"]
[TimeControl "5400+30"]

1. d4 d5 2. Nf3 Nf6 3. g3 Bf5 4. Bg2 e6 5. O-O c5 6. c4 cxd4 7. Nxd4 Be4 8. Nc3 Bxg2 9. Kxg2 Be7 (9... dxc4 $11 {keeps the balance.} 10. Bg5 Nbd7) 10. Qa4+ Nbd7 11. cxd5 exd5 (11... Nxd5 $142 12. Nxd5 exd5) 12. Qb5 $14 (12. Nf5 $18 O-O 13. Rd1) 12... Qb6 13. Nxd5 Qxd4 14. Nc7+ Kd8 15. Nxa8 Qe4+ 16. f3 Qc6 17. Qxc6 bxc6 18. Be3 Kc8 19. Bxa7 Kb7 20. Bd4 Rxa8 21. a3 Bc5 22. Rfd1 Nd5 23. e4 Bxd4 24. Rxd4 N5b6 25. Rad1 Nc5 26. Rd8 Kc7 27. Rxa8 Nxa8 28. b4 Na4 29. f4 Nc3 30. Rd4 Nb6 31. Kf3 Nb5 32. Rd3 Nc4 33. e5 Ncxa3 34. Ke4 Nc2 35. Rb3 g6 36. g4 Kd7 37. Rh3 Nxb4 38. Rxh7 Ke8 39. f5 gxf5+ 40. gxf5 Nc3+ 41. Kd4 Ncd5 42. Kc5 Nd3+ 43. Kxc6 Ne7+ 44. Kd6 Nxf5+ 45. Kd5 Ne7+ 46. Kd6 Nf5+ 47. Kd5 Ne7+ 48. Kd4 Nf4 49. h4 Kf8 50. Rh8+ Ng8 51. Ke4 Ng6 52. Rh7 N8e7 53. h5 Nh4 54. Rh6 Nhf5 55. Rf6 Ng3+ 56. Kd4 Nxh5 57. Rf3 Ng7 58. Rxf7+ Kxf7 59. e6+ Kxe6 60. Ke4 Ngf5 61. Kf4 Nd5+ 62. Ke4 {[%emt 0:02:46] Ke5+} 1/2-1/2